 Dungeon Crawl Stone Soup version 0.26-a0-835-g8259106e14 (webtiles) character file.

Game seed: 14747739556961692016

51 pablito the Insei (level 3, -9/23 HPs)
             Began as an Octopode Transmuter on Nov 17, 2020.
             Mangled by a worm (11 damage)
             ... on level 2 of the Dungeon.
             The game lasted 00:02:28 (1332 turns).

pablito the Insei (Octopode Transmuter)             Turns: 1332, Time: 00:02:29

Health: -9/23      AC:  1    Str:  9    XL:     3   Next: 83%
Magic:  5/6        EV: 14    Int: 15    God:
Gold:   10         SH:  0    Dex: 13    Spells: 5/6 levels left

rFire    . . .     SeeInvis .     - Unarmed
rCold    . . .     Faith    .   (no shield)
rNeg     . . .     Spirit   .   (helmet currently unavailable)
rPois    .         Reflect  .   (no amulet)
rElec    .         Harm     .   (no ring)
rCorr    .         Rampage  .   (no ring)
MR       .....                  (no ring)
Stlth    ++........             (no ring)
HPRegen  0.07/turn              (no ring)
MPRegen  0.10/turn              (no ring)
                                (no ring)
                                (no ring)

@: appendages
A: almost no armour, stealthy swim, amphibious, 8 rings, constrict 8, tentacle
spike 3, camouflage 1, gelatinous body 1
a: End Transformation


You were on level 2 of the Dungeon.
One of your tentacles had a temporary spike.
You visited 1 branch of the dungeon, and saw 2 of its levels.

You collected 10 gold pieces.

Inventory:

Missiles
 a - 8 boomerangs (quivered)
Scrolls
 c - 2 scrolls of amnesia {unknown}
 e - a scroll of teleportation {unknown}
 g - a scroll of identify {unknown}
Potions
 b - 2 potions of heal wounds {unknown}
 d - a potion of attraction {unknown}
 f - a potion of ambrosia {unknown}
 h - 2 potions of curing {unknown}
 i - a potion of haste {unknown}


   Skills:
 - Level 1.0 Fighting
 + Level 0.5 Throwing
 + Level 2.4 Dodging
 * Level 3.7 Unarmed Combat
 + Level 2.3 Spellcasting
 + Level 2.5 Transmutations


You had 5 spell levels left.
You knew the following spells:

 Your Spells              Type           Power        Failure   Level
a - Beastly Appendage     Tmut           #.....       8%          1

Your spell library contained the following spells:

 Spells                   Type           Power        Failure   Level
 Wereblood                Tmut           #.......     12%         2
 Spider Form              Tmut/Pois      #.........   36%         3
 Ice Form                 Ice/Tmut       #.......     77%         4
 Blade Hands              Tmut           #.........   91%         5


Dungeon Overview and Level Annotations

Branches:
Dungeon (2/15)

Altars:


Innate Abilities, Weirdness & Mutations

You cannot wear most types of armour.
You are very stealthy in the water. (Stealth+)
You are amphibious.
You can wear up to eight rings at the same time.
You can use your tentacles to constrict eight enemies at once.
Your skin changes colour to match your surroundings (Stealth+).
Your rubbery body absorbs attacks. (AC +1, EV +1)
One of your tentacles bears a large vicious spike.


Message History

You open the large door.
There is a large open door here.
There is a large open door here.
A dart slug is nearby!
A worm comes into view.
Found 18 arrows.
The dart slug barely misses you.
You tentacle-slap the dart slug but do no damage.
You grab the dart slug. You constrict the dart slug. The worm bites you!
You tentacle-slap the dart slug. You squeeze the dart slug.
You kill the dart slug!
The worm bites you!
* * * LOW HITPOINT WARNING * * *
Casting: Beastly Appendage (safe; 8% risk of failure)
Confirm with . or Enter, or press ? or * to list all spells.
One of your tentacles grows a vicious spike.
You barely miss the worm. You grab the worm.
You pierce the worm.
The worm is moderately wounded.
You constrict the worm. The worm bites you!
You die...

....... .......
.......### ....
...!..... w... .........
.... ## ........####.#..
#. ................
#.####+##...##...#
.#.###.@##.⌠.##..#...###
.......w.##...##..?.....
..........##...##..##...
...(...##..##...##.....>
....####....''.⌠.''.....
.... #....##...##......
..........##...##.......
.........##..^##........
.......##.⌠.##........†


You could see a worm.

Vanquished Creatures
  A gnoll (D:1)
  2 adders (D:2)
  2 worms (D:2)
  A dart slug (D:2)
  3 giant cockroaches
  2 goblins (D:1)
  2 hobgoblins (D:1)
  A bat (D:1)
  2 frilled lizards (D:1)
  A kobold (D:2)
  A rat (D:1)
18 creatures vanquished.

Vanquished Creatures (others)
  A hobgoblin (D:1)
1 creature vanquished.

Grand Total: 19 creatures vanquished

Notes
Turn   | Place    | Note
-------+----------+-------------------------------------------
     0 | D:1      | pablito the Octopode Transmuter began the quest for the
                  | Orb.
     0 | D:1      | Reached XP level 1. HP: 13/13 MP: 3/3
   309 | D:1      | Reached XP level 2. HP: 1/18 MP: 5/5
  1057 | D:2      | Reached XP level 3. HP: 17/23 MP: 4/6
  1332 | D:2      | Mangled by a worm

Illustrated notes

Levels and vault maps discovered:
D:1:      minmay_arrival_three_doors, layout_basic, lemuel_old_faithful
D:2:      layout_rooms, grunt_qazlal_clouds, grunt_decor_arrowhead

Action                   || total
-------------------------++-------
Melee: Unarmed           ||    47
       Tentacles         ||    11
       Constrict         ||    11
       Kick              ||     2
 Cast: Beastly Appendage ||     3
 Stab: Sleeping          ||     4
Armor: Skin              ||     1
Dodge: Dodged            ||    32

Table legend: (Time is in decaauts)
 A = Elapsed time spent in this place.
 B = Non-inter-level travel time spent in this place.
 C = Inter-level travel time spent in this place.
 D = Time resting spent in this place.
 E = Time spent auto-exploring this place.
 F = Levels seen in this place.
 G = Mean time per level.
                   A        B        C        D        E       F      G
               +--------+--------+--------+--------+--------+-----+--------+
         Total |   1328 |   1312 |     16 |    270 |    822 |   2 |  664.0 |
       Dungeon |   1328 |   1312 |     16 |    270 |    822 |   2 |  664.0 |
               +--------+--------+--------+--------+--------+-----+--------+

Top non-repeatable levels by time:
     D:1: 1039 daAuts
     D:2: 289 daAuts
